 Dungeon Crawl Stone Soup version 0.26.1-2-gb8aa6d0cf2 (webtiles) character file.

Game seed: 8902123495146407879

60 Gabide the Cudgeller (level 3, -1/35 HPs)
             Began as a Palentonga Berserker on Feb 19, 2021.
             Was a Follower of Trog.
             Slain by a crimson imp (3 damage)
             ... summoned by Natasha
             ... on level 2 of the Dungeon.
             The game lasted 00:04:16 (1665 turns).

Gabide the Cudgeller (Palentonga Berserker)         Turns: 1665, Time: 00:04:16

Health: -1/35      AC:  6    Str: 21    XL:     3   Next: 80%
Magic:  3/3        EV:  8    Int:  7    God:    Trog [*.....]
Gold:   102        SH:  0    Dex:  9    Spells: 2/2 levels left

rFire    . . .     SeeInvis +   i - +0 flail
rCold    . . .     Faith    .   (no shield)
rNeg     . . .     Spirit   .   j - +0 scale mail
rPois    .         Reflect  .   (no helmet)
rElec    .         Harm     .   (no cloak)
rCorr    .         Rampage  .   (no gloves)
Will     +....                  (no barding)
Stlth    ..........             (no amulet)
HPRegen  0.11/turn              b - ring of willpower
MPRegen  0.08/turn              (no ring)

@: berserk cooldown, slowed, very slow
A: large, rugged brown scales 3, see invisible, deformed body, roll 1, armoured
tail
a: Rolling Charge, Renounce Religion, Berserk


You were on level 2 of the Dungeon.
You worshipped Trog.
Trog was aware of your devotion.
You visited 1 branch of the dungeon, and saw 2 of its levels.

You collected 102 gold pieces.

Inventory:

Hand Weapons
 i - a +0 flail (weapon)
Armour
 j - a +0 scale mail (worn)
Jewellery
 b - a ring of willpower (left hand)
Potions
 c - a potion of attraction {unknown}
 e - a potion of mutation {unknown}
 g - 2 potions of degeneration {unknown}
 h - 2 potions of invisibility {unknown}


   Skills:
 + Level 3.7 Fighting
 + Level 3.7 Maces & Flails
 + Level 1.6 Armour
 + Level 2.1 Dodging


You had 2 spell levels left.
You didn't know any spells.
Your spell library was empty.

Dungeon Overview and Level Annotations

Branches:
Dungeon (2/15)

Altars:

Annotations:
D:2 Natasha


Innate Abilities, Weirdness & Mutations

You are completely covered in rugged brown scales. (AC +3, +7% HP)
You have supernaturally acute eyesight. (SInv)
Armour fits poorly on your strangely shaped body.
You can roll at nearby foes to attack.
You have a long armoured tail.


Message History

The white imp freezes you.
* * * LOW HITPOINT WARNING * * *
The crimson imp hits you but does no damage.
Natasha claws you but does no damage. The white imp barely misses you.
The crimson imp hits you but does no damage.
You feel better.
Natasha howls an incantation.
Natasha glows brightly for a moment.
Natasha claws you but does no damage. The white imp hits you.
* * * LOW HITPOINT WARNING * * *
The white imp freezes you.
* * * LOW HITPOINT WARNING * * *
The crimson imp barely misses you.
The crimson imp hits you but does no damage.
Natasha closely misses you. The white imp misses you.
You closely miss Natasha.
Natasha is heavily wounded.
The crimson imp hits you but does no damage.
The crimson imp hits you.
You die...

...........#
.#...#<...#
........#### ..#...#.#
##### ........#
##...## #######.#
##.....## #.........#
#......># ..........##
#..5h...#
#..........###..@5...#
.................5..##
..........#####.....#
#.........# .......#
#.....(...# #.......#
#.........# #.......#
......<...#####.....##
..............##...##
###.....#####..#####


You could see Natasha, 2 crimson imps and a white imp (summoned).

Vanquished Creatures
  Terence (D:2)
  A worm (D:2)
  A leopard gecko (D:1)
  6 bats
  A giant cockroach (D:2)
  2 goblins (D:1)
  4 hobgoblins (D:1)
  7 kobolds
  A quokka (D:2)
  2 frilled lizards
  5 rats (D:1)
31 creatures vanquished.

Notes
Turn   | Place    | Note
-------+----------+-------------------------------------------
     0 | D:1      | Gabide the Palentonga Berserker began the quest for the
                  | Orb.
     0 | D:1      | Reached XP level 1. HP: 20/20 MP: 1/1
   309 | D:1      | Reached XP level 2. HP: 11/27 MP: 2/2
  1320 | D:2      | Noticed Terence
  1326 | D:2      | Killed Terence
  1327 | D:2      | Reached XP level 3. HP: 27/35 MP: 3/3
  1644 | D:2      | Noticed Natasha
  1663 | D:2      | HP: 1/35 [white imp[Natasha] (3)]
  1665 | D:2      | Slain by a crimson imp

Illustrated notes

Levels and vault maps discovered:
D:1:      dpeg_arrival_morbid_curiosity, layout_loops_ring,
          grunt_decor_resistance
D:2:      layout_rooms, nicolae_overflow_crystal_walls,
          lemuel_coloured_pillars_altar, chequers_ecumenical_altar_island,
          amcnicky_mini_corridor_feature, uniq_natasha, uniq_terence,
          uniq_crazy_yiuf_cottage

Skill      XL: |  1  2 |
---------------+-------+-----
Dodging        | 2 |  2.1
Fighting       | |  3.7
Maces & Flails | |  3.7
Armour         | |  1.6

Action                   || total
-------------------------++-------
Melee: Mace              ||    62
       Tailslap          ||     5
       Flail             ||    24
Invok: Berserk           ||     4
 Abil: Rolling Charge    ||    14
  Use: Scroll            ||     6
       Potion            ||     3
Armor: Animal skin       ||    24
       Leather armour    ||     5
       Scale mail        ||    24
Dodge: Dodged            ||    46
